 Dungeon Crawl Stone Soup version 0.25.1-2-g60ff931df9 (webtiles) character file.

Game seed: 4508057690134213081

139 Lazav66 the Shield-Bearer (level 5, -1/42 HPs)
             Began as a Formicid Fighter on Oct 2, 2020.
             Was an Initiate of Qazlal.
             Killed by divine providence
             ... invoked by an orc priest
              (13 damage)
             ... on level 3 of the Dungeon.
             The game lasted 00:03:34 (2572 turns).

Lazav66 the Shield-Bearer (Formicid Fighter)        Turns: 2572, Time: 00:03:35

Health: -1/42      AC: 11    Str: 20    XL:     5   Next: 46%
Magic:  5/5        EV:  5    Int:  8    God:    Qazlal [......]
Gold:   85         SH:  9    Dex: 11    Spells: 4/4 levels left

rFire    . . .     SeeInvis +   a - +0 war axe
rCold    . . .     Gourm    .   c - +0 kite shield
rNeg     . . .     Faith    .   g - +0 plate armour
rPois    .         Spirit   .   (helmet unavailable)
rElec    .         Reflect  .   (no cloak)
rCorr    .         Harm     .   (no gloves)
MR       .....                  (no boots)
Stlth    ..........             (no amulet)
HPRegen  0.14/turn              (no ring)
MPRegen  0.09/turn              (no ring)

@: no status effects
A: permanent stasis, dig shafts and tunnels, four strong arms, antennae 3
a: Dig, Shaft Self, Renounce Religion


You were on level 3 of the Dungeon.
You worshipped Qazlal.
Qazlal was noncommittal.
You were not hungry.

You visited 1 branch of the dungeon, and saw 3 of its levels.

You collected 85 gold pieces.

Inventory:

Hand Weapons
 a - a +0 war axe (weapon)
Armour
 c - a +0 kite shield (worn)
 g - a +0 plate armour (worn)
Scrolls
 e - 7 scrolls of identify {unknown}
 h - 3 scrolls of magic mapping {unknown}
 j - 3 scrolls of amnesia {unknown}
 m - a scroll of remove curse {unknown}
 n - a scroll of teleportation {unknown}
 q - a scroll of enchant armour {unknown}
 r - a scroll of enchant weapon {unknown}
Potions
 b - a potion of resistance {unknown}
 d - 2 potions of might
 i - 6 potions of heal wounds {unknown}
 k - a potion of mutation {unknown}
 l - 3 potions of lignification {unknown}
 o - a potion of cancellation {unknown}
 p - a potion of haste {unknown}
 t - a potion of brilliance {unknown}
Comestibles
 f - 2 rations
 s - 11 chunks of flesh


   Skills:
 + Level 3.9 Fighting
 * Level 3.3 Axes
 + Level 3.8 Armour
 + Level 1.3 Dodging
 + Level 4.3 Shields
 + Level 1.0 Invocations


You had 4 spell levels left.
You didn't know any spells.
Your spell library was empty.

Dungeon Overview and Level Annotations

Branches:
Dungeon (3/15)

Altars:
Fedhas
Qazlal
Trog
Uskayaw
Xom


Innate Abilities, Weirdness & Mutations

You cannot be hasted, slowed, berserked, paralysed or teleported.
You can dig through walls and to a lower floor.
Your four strong arms can wield two-handed weapons with a shield.
You have a pair of large antennae on your head. (SInv)


Message History

The orc priest is healed somewhat.
The orc priest mumbles some strange prayers to Beogh against you.
Beogh smites you! The orc hits you but does no damage.
You closely miss the orc priest.
The orc priest is moderately wounded.
You hit the orc priest. You closely miss the orc. The orc barely misses you.
You block the orc priest's attack.
The orc priest mumbles some strange prayers to Beogh against you.
Beogh smites you!
* * * LOW HITPOINT WARNING * * *
The orc hits you but does no damage. You block the orc's attack.
You hit the orc priest.
The orc priest is severely wounded.
You barely miss the orc priest. You hit the orc.
You kill the orc!
Qazlal accepts your kill.
Your Invocations skill increases to level 1!
The orc priest calls down the wrath of Beogh upon you.
Beogh smites you!
You die...

..........##..#
#.######
..##......##..###..
..##......##...##.#
{
..##......##.#.##.#
{
..##......##.#.##.#
#.##......##.#.##.#
############+#..#.#
........#.#
........@o#
.(.....#)o##### #
.......#go#... ...
.......##r#.#.....
.........>....or..
.......####.#.....
....... .# ... ###
.# . .+ {


You could see 2 orc priests, an orc, a goblin and a rat.

Vanquished Creatures
  Jessica (D:2)
  5 adders
  An ooze (D:2)
  An adder zombie (D:3)
  2 worms (D:2)
  3 leopard geckos
  2 orcs (D:3)
  6 giant cockroaches
  5 goblins
  8 hobgoblins
  3 kobolds
  2 ball pythons
  2 bats
  2 frilled lizards
  10 rats
53 creatures vanquished.

Notes
Turn   | Place    | Note
-------+----------+-------------------------------------------
     0 | D:1      | Lazav66 the Formicid Fighter began the quest for the Orb.
     0 | D:1      | Reached XP level 1. HP: 18/18 MP: 1/1
   131 | D:1      | Reached XP level 2. HP: 24/24 MP: 2/2
   471 | D:1      | Reached XP level 3. HP: 29/29 MP: 3/3
   981 | D:2      | Reached skill level 4 in Shields
   988 | D:2      | Noticed Jessica
   996 | D:2      | Killed Jessica
   996 | D:2      | Reached XP level 4. HP: 35/36 MP: 4/4
  1076 | D:2      | Reached skill level 1 in Dodging
  1096 | D:2      | Found a shimmering altar of Xom.
  1099 | D:2      | Found a bloodstained altar of Trog.
  1121 | D:2      | Found a stormy altar of Qazlal.
  1129 | D:2      | Became a worshipper of Qazlal Stormbringer
  1199 | D:2      | Noticed a +0 hand axe
  1212 | D:2      | Noticed a +0 hand axe
  1216 | D:2      | Found a hide-covered altar of Uskayaw.
  1675 | D:2      | Reached XP level 5. HP: 36/42 MP: 5/5
  2286 | D:3      | Found a blossoming altar of Fedhas.
  2572 | D:3      | Reached skill level 1 in Invocations
  2572 | D:3      | Killed from afar by an orc priest

Illustrated notes

Levels and vault maps discovered:
D:1:      dpeg_arrival_circle_labyrinth_b, layout_basic, chequers_garden
D:2:      layout_rooms, dancing_weapons_uskayaw,
          nicolae_qazlal_eye_of_the_storm,
          chequers_temple_overflow_statue_of_worship, serial_co_window_serial,
          co_window_cross_1, co_window_of_opportunity_a, co_window_corner_a,
          co_window_paths_a, co_window_of_opportunity_a, co_window_corner_a,
          co_window_corner_a, co_window_broadway_c, co_window_paths_e,
          co_window_4corner_b, glass_columns_b, glass_columns_a, uniq_jessica
D:3:      layout_basic, marbit_many_paths, fedhas_altar_3,
          minmay_shallow_snake_nest

Skill      XL: |  1  2  3  4  5 |
---------------+----------------+-----
Shields        | 4 |  4.3
Dodging        | 1 |  1.3
Axes           | 3 |  3.3
Invocations    | 1 |  1.0
Fighting       | |  3.9
Armour         | |  3.8

Action                   |  1- 3 |  4- 6 || total
-------------------------+-------+-------++-------
Melee: War axe           |    55 |   159 ||   214
  Eat: Chunk             |       |     6 ||     6
Armor: Scale mail        |    16 |       ||    16
       Plate armour      |     7 |    95 ||   102
Dodge: Dodged            |    16 |    33 ||    49
Block: Kite shield       |    25 |    75 ||   100
